 Dungeon Crawl Stone Soup version 0.28-b1-25-g9875b3fc8c (webtiles) character file.

Game seed: 13420610511089065750

326 fragbeetle the Ruffian (level 6, -5/53 HPs)
             Began as a Ghoul Monk on Feb 3, 2022.
             Slain by a yak (7 damage)
             ... on level 3 of the Dungeon.
             The game lasted 00:04:33 (3445 turns).

fragbeetle the Ruffian (Ghoul Monk)                 Turns: 3445, Time: 00:04:34

Health: -5/53      AC:  5    Str: 17    XL:     6   Next: 49%
Magic:  5/5        EV: 12    Int:  5    God:
Gold:   162        SH:  0    Dex: 11    Spells: 5/5 levels left

rFire   . . .      SeeInvis .     - Unarmed
rCold   + . .      Faith    .   (no shield)
rNeg    + + +      Spirit   .   j - +0 leather armour
rPois   ∞          Reflect  .   e - +0 helmet
rElec   .          Harm     .   (no cloak)
rCorr   +          Rampage  .   (no gloves)
Will    .....                   d - +0 pair of boots
Stlth   ++........              (no amulet)
HPRegen 0.00/turn               g - ring of resist corrosion
MPRegen 0.09/turn               (no ring)

@: inhibited regen
A: claws 1, cold resistance 1, negative energy resistance 3, inhibited
regeneration, torment resistance 2
a: no special abilities


You were on level 3 of the Dungeon.
You visited 1 branch of the dungeon, and saw 4 of its levels.

You collected 162 gold pieces.

Inventory:

Armour
 d - a +0 pair of boots (worn)
 e - a +0 helmet (worn)
 j - a +0 leather armour (worn)
Jewellery
 g - a ring of resist corrosion (left claw)
Wands
 i - a wand of flame (17)
Scrolls
 b - 3 scrolls of identify {unknown}
 k - a scroll of enchant weapon {unknown}
Potions
 a - a potion of heal wounds {unknown}
 c - 3 potions of ambrosia {unknown}
 f - a potion of magic {unknown}
 h - a potion of might


   Skills:
 + Level 4.7 Fighting
 - Level 3.0 Dodging
 + Level 4.2 Stealth
 * Level 5.8 Unarmed Combat


You had 5 spell levels left.
You didn't know any spells.
Your spell library contained the following spells:

 Spells                   Type           Power      Damage    Failure   Level
 Animate Skeleton         Necr           0%         N/A       54%         1
 Apportation              Tloc           0%         N/A       54%         1
 Summon Small Mammal      Summ           0%         N/A       54%         1


Dungeon Overview and Level Annotations

Branches:
Dungeon (4/15)
 Temple: D:4-7

Altars:
Sif Muna
Vehumet


Innate Abilities, Weirdness & Mutations

You thrive by killing the living.
You are immune to poison.
You have sharp fingernails.
Your flesh is cold resistant. (rC+)
You are immune to negative energy. (rN+++)
You do not regenerate when monsters are visible.
You are immune to unholy pain and torment.


Message History

The yak gores you. x2
You climb upwards.
There is a stone staircase leading down here.
Items here: ))) [[[.
Things that are here:
a +0 flail; a +0 dagger You claw the yak!
The yak is moderately wounded.
The yak gores you!
You scratch the yak but do no damage.
The yak is moderately wounded.
The yak gores you.
You claw the yak! You claw the yak, but do no damage.
The yak is heavily wounded.
The yak gores you!
You are too injured to fight recklessly!
You are too injured to fight recklessly!
You are too injured to fight recklessly!
You completely miss the yak.
The yak is heavily wounded.
The yak gores you.
You claw the yak!
The yak is severely wounded.
The yak closely misses you.
You scratch the yak.
The yak is severely wounded.
You barely miss the yak.
The yak is severely wounded.
The yak gores you!
* * * LOW HITPOINT WARNING * * *
You scratch the yak but do no damage.
The yak is severely wounded.
The yak gores you but does no damage.
You scratch the yak but do no damage. You claw the yak!
The yak is almost dead.
The yak gores you!
* * * LOW HITPOINT WARNING * * *
There is a stone staircase leading up here.
The yak gores you!
You die...

....# #.#.............#
....# #.#.............#
....# #.#.............#
....# #.#.............######
....###.#..................#
.....##.#....(........####.#
.....##.###...........# #.#
......#.# #.#########.# #.#
....#.#.# #.# #@# #.####.#
#####...###.# #Y# #......#
#...#.......####Y# ########
#.#.#...##..[)...#
#.#.....##.#######
#.###.......# #.# #..>....#
..# #.......# ### #.......#


You could see 2 yaks.

Vanquished Creatures
  A yak (D:3)
  An orc priest (D:3)
  A hound (D:4)
  An iguana (D:4)
  A hound skeleton (D:4)
  2 adders
  A worm (D:2)
  2 dart slugs (D:2)
  4 orcs (D:3)
  7 ball pythons
  3 endoplasms
  3 giant cockroaches (D:2)
  2 goblins
  6 hobgoblins
  4 jackals (D:2)
  6 kobolds
  6 bats
  4 rats
55 creatures vanquished.

Notes
Turn   | Place    | Note
-------+----------+-------------------------------------------
     0 | D:1      | fragbeetle the Ghoul Monk began the quest for the Orb.
     0 | D:1      | Reached XP level 1. HP: 19/19 MP: 0/0
   395 | D:1      | Reached XP level 2. HP: 16/26 MP: 1/1
  1046 | D:2      | Reached XP level 3. HP: 28/31 MP: 2/2
  1294 | D:2      | Reached skill level 4 in Unarmed Combat
  1597 | D:2      | Reached XP level 4. HP: 40/40 MP: 3/3
  2676 | D:3      | Found a radiant altar of Vehumet.
  2676 | D:3      | Found a shimmering blue altar of Sif Muna.
  2952 | D:4      | Reached XP level 5. HP: 41/46 MP: 4/4
  2961 | D:4      | Noticed a yak
  2961 | D:4      | Noticed a yak
  2962 | D:4      | Noticed a yak
  2963 | D:4      | Noticed a yak
  2988 | D:3      | Killed a yak
  2989 | D:3      | Reached skill level 5 in Unarmed Combat
  2989 | D:3      | Reached XP level 6. HP: 34/53 MP: 5/5
  3440 | D:3      | HP: 2/53 [yak (9)]
  3445 | D:3      | Slain by a yak

Illustrated notes

Levels and vault maps discovered:
D:1:      amcnicky_arrival_flooded_fountain, layout_basic, serial_glass,
          glass_columns_c, glass_columns_a
D:2:      layout_basic
D:3:      layout_basic, amethyst_overflow_temple_binary
D:4:      layout_rooms, minmay_divided_ellipse

Skill      XL: |  1  2  3  4  5 |
---------------+----------------+-----
Dodging        | 3 |  3.0
Unarmed Combat | 4 5 |  5.8
Stealth        | 3 4 |  4.2
Fighting       | 4 |  4.7

Action                   |  1- 3 |  4- 6 || total
-------------------------+-------+-------++-------
Melee: Unarmed           |   121 |    99 ||   220
       Punch             |     1 |     6 ||     7
 Stab: Sleeping          |     7 |       ||     7
       Distracted        |     1 |       ||     1
Armor: Robe              |    34 |    15 ||    49
       Leather armour    |       |     8 ||     8
Dodge: Dodged            |    84 |    58 ||   142
